 Dungeon Crawl Stone Soup version 0.30-a0-1075-gcd70e7a56d (webtiles) character file.

Game seed: 17054403103862778035

15007 kae the Transmogrifier (level 11, 0/145 HPs)
             Began as a Demonspawn Transmuter on Apr 14, 2023.
             Was an Initiate of Ru.
             Slain by a freezing wraith (3 damage)
             ... on level 12 of the Dungeon.
             The game lasted 00:13:30 (15003 turns).

kae the Transmogrifier (Demonspawn Transmuter)     Turns: 15003, Time: 00:13:31

Health: 0/145      AC: 14    Str: 13    XL:     11   Next: 96%
Magic:  30/31      EV: 12    Int: 22    God:    Ru [......]
Gold:   827        SH:  4    Dex: 14    Spells: 15/25 levels left

rFire   x . .      SeeInvis .      - Unarmed
rCold   + + +      Faith    .    (shield currently unavailable)
rNeg    . . .      Spirit   .    a - melded +0 robe
rPois   +          Reflect  .    (helmet currently unavailable)
rElec   .          Rampage  .    k - melded +1 cloak {rCorr}
rCorr   .                        (gloves unavailable)
Will    .....                    h - melded +1 pair of boots Stlth
                                 (no amulet)
HPRegen 0.44/turn                W - ring of magical power
MPRegen 0.22/turn                I - +6 ring of intelligence

@: berserking (expiring), ice-form, slowed
A: freezing attack, amphibious, boosted hp, large, (icy blue scales 1), icemail
1, no stealth, condensation shield, (demonic touch 3)
a: End Transformation, Renounce Religion


You were on level 12 of the Dungeon.
You worshipped Ru.
Ru was noncommittal.
You were a creature of crystalline ice.
You visited 2 branches of the dungeon, and saw 13 of its levels.

You collected 827 gold pieces.


Innate Abilities, Weirdness & Mutations

You are a creature of crystalline ice.
You have a powerful freezing melee attack.
You are amphibious.
Your maximum health is increased.
Your armour is entirely melded.
You are incapable of wielding weapons or throwing items.
((You are partially covered in icy blue scales. (AC +2)))
A meltable icy envelope protects you from harm. (AC +4)
You cannot be stealthy.
A meltable shield of frost defends you. (SH +4)
((Your touch may irresistibly damage your foes and sap their willpower.))


   Skills:
 + Level 6.2 Fighting
 + Level 6.0 Dodging
 + Level 7.9 Unarmed Combat
 + Level 7.7 Spellcasting
 * Level 10.8 Transmutations
 - Level 5.3 Ice Magic
 - Level 2.5 Poison Magic


You had 15 spell levels left.
You knew the following spells:

 Your Spells              Type           Power      Damage    Failure   Level
a - Beastly Appendage     Tmut           100%       N/A       1%          1
b - Wereblood             Tmut           54%        N/A       1%          2
c - Spider Form           Tmut/Pois      37%        N/A       1%          3
d - Ice Form              Ice/Tmut       44%        N/A       2%          4

Your spell library contained the following spells:

 Spells                   Type           Power      Damage    Failure   Level
 Sting                    Tmut/Pois      100%       1d8       1%          1
 Blade Hands              Tmut           27%        N/A       2%          5
 Poisonous Vapours        Pois/Air       26%        N/A       7%          2
 Apportation              Tloc           16%        N/A       8%          1
 Magic Dart               Conj           32%        1d4       8%          1
 Necrotise                Necr           32%        1d5       8%          1
 Summon Small Mammal      Summ           32%        N/A       8%          1
 Hailstorm                Conj/Ice       20%        3d6       8%          3
 Call Imp                 Summ           16%        N/A       12%         2
 Mephitic Cloud           Conj/Pois/Air  12%        N/A       16%         3
 Volatile Blastmotes      Fire/Tloc      16%        2d11      22%         3
 Irradiate                Conj/Tmut      16%        3d17      22%         5
 Olgreb's Toxic Radiance  Pois           19%        N/A       26%         4
 Fulminant Prism          Conj/Hex       4%         3d5       58%         4
 Iskenderun's Mystic Bla  Conj/Tloc      8%         2d4       58%         4
 Dragon Form              Tmut           27%        N/A       61%         7
 Freezing Cloud           Conj/Ice/Air   8%         6-21      71%         5
 Lee's Rapid Deconstruct  Erth           4%         3d5*      91%         5
 Simulacrum               Ice/Necr       10%        N/A       98%         6

Inventory:

Missiles
 c - 111 stones
 d - 4 javelins
 i - 5 poisoned darts
 y - 5 curare-tipped darts {=f}
 D - a throwing net {=f!f}
 G - 4 boomerangs
Armour
 a - a +0 robe (melded)
 e - a +1 pair of gloves
   (You found it on level 2 of the Dungeon)
 h - a +1 pair of boots (melded)
   (You found it on level 2 of the Dungeon)
 k - a +1 cloak of preservation (melded)
   (You found it on level 12 of the Dungeon)
 s - a +0 cloak
   (You took it off Crazy Yiuf on level 4 of the Dungeon)
Magical Staves
 l - a staff of poison {!a}
   (You found it on level 3 of the Dungeon)
 w - a staff of fire {!a}
   (You found it on level 7 of the Dungeon)
Jewellery
 C - a ring of ice
   (You found it on level 8 of the Dungeon)
 I - a +6 ring of intelligence (right front paw)
   (You found it on level 12 of the Dungeon)
 L - a ring of flight
   (You found it on level 4 of the Dungeon)
 N - a ring of positive energy
   (You found it on level 5 of the Dungeon)
 W - a ring of magical power (left front paw)
   (You found it on level 4 of the Dungeon)
Wands
 b - a wand of digging (2)
   (You took it off Robin on level 2 of the Dungeon)
 u - a wand of light (7)
   (You found it on level 6 of the Dungeon)
 F - a wand of mindburst (4)
   (You found it on level 12 of the Dungeon)
Scrolls
 t - a scroll of enchant weapon
 v - 2 scrolls of magic mapping {!r}
 E - a scroll of fog
Potions
 f - 3 potions of berserk rage {!q}
 g - 3 potions of cancellation {unknown}
 j - 4 potions of curing {@q1}
 m - 3 potions of flight {unknown}
 n - 2 potions of haste {@q3}
 o - 3 potions of mutation {!q}
 p - a potion of magic
 q - 4 potions of brilliance
 r - 2 potions of degeneration {unknown}
 x - 3 potions of lignification {!q}
 z - a potion of attraction {!q}
 B - a potion of resistance

Dungeon Overview and Level Annotations

Branches:
Dungeon (12/15) Zot: 25266  Temple (1/1) D:6 Zot: 5822    Lair (0/5) D:8
    Orc (0/2) D:10

Altars:
Ashenzari
Cheibriados
Dithmenos
Fedhas
Gozag
Hepliaklqana
Kikubaaqudgha
Makhleb
Nemelex Xobeh
Okawaru
Qazlal
Ru
Sif Muna
Trog
Uskayaw
Vehumet
Wu Jian
Xom
Yredelemnul

Shops:
D:2 [

Portals:
Abyss: D:3

Annotations:
D:3 2 transporters, Rye's ghost, amateur HuMo

#.##.###..........##.#.##.
#.##...#.#.####.####.#.##.
#........#.# #.# #.#....
####.#.###.# ##'## #.####.
#.#.###.###...###.####.
##<......##.....##......
#.....####.......######.
#...>.###.........####..
#.<....YW.........'.....
##...####.........####..
##.## ##.......## ##. #.#
##.....## ## #.# ##...## #
#.# ##'## # #.# #.# # #.#
#.# ### #.# ##.## #..


You could see a freezing wraith.


Message History

The freezing wraith hits you but does no damage.
You hit baljet's ghost but do no damage.
Baljet's ghost hits you but does no damage.
The freezing wraith misses you.
You block the freezing wraith's attack. 😮 HP[+1]
You punch baljet's ghost! You freeze baljet's ghost. 😮 MP[+1]
You hit baljet's ghost but do no damage.
Baljet's ghost hits you!! The freezing wraith barely misses you.
The freezing wraith misses you. 😮 HP[-21]
You take 21 damage, and now have 78/145 hp.
Unknown command.
You hit baljet's ghost but do no damage.
You barely miss baljet's ghost.
Baljet's ghost hits you but does no damage.
The freezing wraith closely misses you.
You block the freezing wraith's attack. 😮 HP[+1]
You hit baljet's ghost but do no damage.
You punch baljet's ghost! You freeze baljet's ghost. Baljet's ghost hits you!
* * * LOW HITPOINT WARNING * * *
The freezing wraith completely misses you.
The freezing wraith hits you.
* * * LOW HITPOINT WARNING * * *
The freezing wraith drains your vigour!
You feel yourself slow down. 😨 HP[-8]
You take 8 damage, and now have 71/145 hp.
You punch the freezing wraith! Baljet's ghost barely misses you.
The freezing wraith misses you. The freezing wraith hits you.
* * * LOW HITPOINT WARNING * * *
The freezing wraith drains your vigour!
You feel as though you will be slow longer. 😨 HP[-3]
You take 3 damage, and now have 68/145 hp.
You pummel baljet's ghost!! You freeze baljet's ghost. Baljet's ghost hits you.
* * * LOW HITPOINT WARNING * * *
The freezing wraith barely misses you.
You block the freezing wraith's attack. 😨 HP[-3] MP[+1]
You take 3 damage, and now have 65/145 hp.
You hit baljet's ghost but do no damage.
Baljet's ghost closely misses you. You block the freezing wraith's attack.
The freezing wraith hits you.
* * * LOW HITPOINT WARNING * * *
The freezing wraith drains your vigour!
You feel as though you will be slow longer. 😨 HP[-5]
You take 5 damage, and now have 60/145 hp.
You hit baljet's ghost.
You freeze baljet's ghost. 😨 HP[+1] Unknown command.
You completely miss baljet's ghost. Baljet's ghost hits you!
* * * LOW HITPOINT WARNING * * *
The freezing wraith hits you.
* * * LOW HITPOINT WARNING * * *
The freezing wraith freezes you. You resist.
* * * LOW HITPOINT WARNING * * *
The freezing wraith barely misses you. 😨 HP[-19]
You take 19 damage, and now have 42/145 hp.
You barely miss baljet's ghost.
Baljet's ghost hits you but does no damage.
The freezing wraith hits you.
* * * LOW HITPOINT WARNING * * *
The freezing wraith freezes you. You resist.
* * * LOW HITPOINT WARNING * * *
The freezing wraith barely misses you. 😱 HP[-6]
You take 6 damage, and now have 36/145 hp.
Unknown command.
You hit baljet's ghost but do no damage.
Baljet's ghost hits you!!
* * * LOW HITPOINT WARNING * * *
The freezing wraith hits you.
* * * LOW HITPOINT WARNING * * *
The freezing wraith freezes you. You resist.
* * * LOW HITPOINT WARNING * * *
The freezing wraith hits you.
* * * LOW HITPOINT WARNING * * *
The freezing wraith drains your vigour!
You feel as though you will be slow longer. 😱 HP[-26] MP[+1]
You take 26 damage, and now have 10/145 hp.
Unknown command.
You pummel baljet's ghost!! You freeze baljet's ghost!
You destroy baljet's ghost!
The freezing wraith hits you.
* * * LOW HITPOINT WARNING * * *
The freezing wraith freezes you. You resist.
* * * LOW HITPOINT WARNING * * *
The freezing wraith hits you.
* * * LOW HITPOINT WARNING * * *
The freezing wraith drains your vigour!
You feel as though you will be slow longer.
Your Dodging skill increases to level 6! 😱 HP[-8]
You take 8 damage, and now have 2/145 hp.
You barely miss the freezing wraith. You block the freezing wraith's attack.
The freezing wraith hits you.
You die...

Skill      XL: |  1  2  3  4  5  6  7  8  9 10 11 |
---------------+----------------------------------+-----
Transmutations | 2 3 4 5 6 8 9 10 | 10.8
Unarmed Combat | 3 4 5 6 7 |  7.9
Poison Magic   | 1 2 |  2.5
Spellcasting   | 3 4 5 6 7 |  7.7
Ice Magic      | 1 3 5 |  5.3
Dodging        | 3 4 6 |  6.0
Fighting       | 3 4 6 |  6.2

Action                     |  1- 3 |  4- 6 |  7- 9 | 10-12 || total
---------------------------+-------+-------+-------+-------++-------
  Melee: Unarmed           |    93 |   216 |   268 |   346 ||   923
         Kick              |    28 |    16 |       |       ||    44
         Headbutt          |     6 |    10 |       |       ||    16
         Punch             |     1 |     4 |       |       ||     5
         Touch             |       |    25 |       |       ||    25
   Cast: Beastly Appendage |    25 |    29 |       |     1 ||    55
         Wereblood         |       |     6 |     9 |    16 ||    31
         Spider Form       |       |    11 |     6 |       ||    17
         Ice Form          |       |     3 |    24 |    41 ||    68
 Invoke: Sacrifice Stealth |       |       |       |     1 ||     1
  Evoke: Wand              |       |       |     1 |       ||     1
    Use: Scroll            |       |     8 |     6 |     8 ||    22
         Potion            |       |     2 |       |     3 ||     5
 Armour: Robe              |    10 |    28 |     2 |       ||    40
         Skin              |       |    33 |    89 |   175 ||   297
  Dodge: Dodged            |    50 |   130 |   122 |   204 ||   506
  Block: Other             |    12 |    40 |    41 |    65 ||   158

Levels and vault maps discovered:
D:1:      dpeg_arrival_connections, layout_basic, chequers_serial_rivers_micro_a
D:2:      layout_basic, serial_shops, shop, st_stairs_10, minmay_3d_cube,
          uniq_robin
D:3:      layout_loops_ring, hellmonk_ecumenical_altar_defaced_shrine,
          gammafunk_ghost_abyssal_escape, kennysheep_generic_room_7
D:4:      layout_loops_cross, trog_wizard, uniq_crazy_yiuf_cottage
D:5:      layout_rooms, kennysheep_generic_room_5
D:6:      layout_rooms, lemuel_tele_altar, minmay_temple_entry_steel_oval,
          serial_corexii_hall, corexii_hall_statues_deadend,
          corexii_hall_statues_s
D:7:      layout_gridville
D:8:      layout_layer_cave, erik_lair_orcish_takeover, roderic_serpentine_path
D:9:      layout_stronghold, mainiacjoe_overflow_surrounded_room, uniq_erolcha
D:10:     layout_basic, mainiacjoe_overflow_catwalk,
          minmay_orc_entry_temple_small
D:11:     layout_loops_cross
D:12:     layout_loops_corners, gammafunk_ghost_spectres
Temple:   hc_temple_tempest_star

Notes
Turn   | Place    | Note
-------+----------+-------------------------------------------
     0 | D:1      | kae the Demonspawn Transmuter began the quest for the Orb.
     0 | D:1      | Reached XP level 1. HP: 15/15 MP: 3/3
     0 | D:1      | magus.rc [v1.11.3]
   130 | D:1      | Reached skill level 2 in Transmutations
   177 | D:1      | Gained mutation: A meltable shield of frost defends you.
                  | (SH +4) [demonic ancestry]
   177 | D:1      | Reached XP level 2. HP: 21/21 MP: 3/5
   746 | D:2      | Reached skill level 3 in Unarmed Combat
   746 | D:2      | Reached XP level 3. HP: 19/26 MP: 4/6
   749 | D:2      | Learned a level 2 spell: Wereblood
   753 | D:2      | Learned a level 3 spell: Spider Form
   841 | D:2      | You pick up a book of Minor Magic and begin reading...
   841 | D:2      | You add the spells Magic Dart, Call Imp and Mephitic Cloud
                  | to your library.
  1166 | D:2      | Reached skill level 1 in Poison Magic
  1166 | D:2      | Gained mutation: Your touch may inflict minor irresistible
                  | damage on your foes. [demonic ancestry]
  1166 | D:2      | Reached XP level 4. HP: 27/32 MP: 5/7
  1304 | D:2      | Noticed Robin
  1317 | D:2      | Reached skill level 3 in Transmutations
  1330 | D:2      | Found Mumueh's Antique Armour Boutique.
  1342 | D:2      | Killed Robin
  1786 | D:3      | Reached skill level 2 in Poison Magic
  1786 | D:3      | Gained mutation: Your touch may inflict irresistible damage
                  | on your foes. [demonic ancestry]
  1786 | D:3      | Reached XP level 5. HP: 27/37 MP: 4/9
  1991 | D:3      | Found a faded altar of an unknown god.
  2274 | D:3      | You pick up a book of the Tundra and begin reading...
  2274 | D:3      | You add the spells Hailstorm and Simulacrum to your
                  | library.
  2285 | D:3      | Found the +8 demon trident "Rift" {distort, reach+}
  2355 | D:3      | Found a transporter.
  2355 | D:3      | Found a transporter.
  2445 | D:3      | Found a one-way gate to the infinite horrors of the Abyss.
  2445 | D:3      | Noticed Rye's ghost (amateur HuMo)
  2956 | D:4      | You pick up a book of Cantrips and begin reading...
  2956 | D:4      | You add the spells Necrotise, Summon Small Mammal and
                  | Apportation to your library.
  3023 | D:4      | You pick up a book of Vapours and begin reading...
  3023 | D:4      | You add the spells Poisonous Vapours and Freezing Cloud to
                  | your library.
  3157 | D:4      | HP: 7/37 [bullfrog (3)]
  3160 | D:4      | Reached skill level 3 in Spellcasting
  3160 | D:4      | Reached XP level 6. HP: 9/43 MP: 10/10
  3347 | D:4      | Found a bloodstained altar of Trog.
  3348 | D:4      | Noticed a wizard
  3354 | D:4      | Killed a wizard
  3435 | D:4      | Found a runed translucent door.
  3436 | D:4      | Noticed Crazy Yiuf
  3444 | D:4      | Learned a level 4 spell: Ice Form
  3625 | D:4      | Killed Crazy Yiuf
  3626 | D:4      | Reached skill level 4 in Transmutations
  3636 | D:4      | Identified the +5 hammer of Fumoy {antimagic, rPois Dex+9}
  3694 | D:5      | Entered Level 5 of the Dungeon
  3993 | D:5      | Reached skill level 1 in Ice Magic
  4111 | D:5      | You pick up a book of Blasting and begin reading...
  4111 | D:5      | You add the spells Volatile Blastmotes, Fulminant Prism,
                  | Iskenderun's Mystic Blast and Lee's Rapid Deconstruction to
                  | your library.
  4126 | D:5      | You pick up a book of Vapours and begin reading...
  4272 | D:4      | Reached skill level 4 in Unarmed Combat
  4272 | D:4      | Gained mutation: A meltable icy envelope protects you from
                  | harm. (AC +4) [demonic ancestry]
  4272 | D:4      | Reached XP level 7. HP: 23/48 MP: 12/12
  4393 | D:5      | Reached skill level 2 in Ice Magic
  4552 | D:5      | Identified the +7 quarterstaff of Emnuerch {drain, rN++}
  4581 | D:5      | Reached skill level 5 in Transmutations
  4887 | D:5      | Reached skill level 3 in Ice Magic
  4977 | D:6      | You add the spells Sting and Olgreb's Toxic Radiance to
                  | your library.
  4993 | D:6      | Reached skill level 4 in Spellcasting
  4993 | D:6      | Reached XP level 8. HP: 49/54 MP: 14/14
  5082 | D:6      | Found a staircase to the Ecumenical Temple.
  5189 | D:6      | Found a shadowy altar of Dithmenos.
  5752 | D:7      | Reached skill level 4 in Ice Magic
  5837 | D:7      | Reached skill level 6 in Transmutations
  6037 | D:7      | Reached skill level 5 in Unarmed Combat
  6293 | D:7      | Noticed a cyclops
  6330 | D:7      | Killed a cyclops
  6331 | D:7      | Reached skill level 5 in Ice Magic
  6331 | D:7      | Gained mutation: You are partially covered in icy blue
                  | scales. (AC +2) [demonic ancestry]
  6331 | D:7      | Reached XP level 9. HP: 55/59 MP: 16/16
  6445 | D:7      | Reached skill level 5 in Spellcasting
  6667 | D:7      | Noticed a boulder beetle
  6675 | D:7      | HP: 3/70 [boulder beetle (19)]
  7447 | D:8      | Reached skill level 2 in Dodging
  7447 | D:8      | Reached skill level 7 in Transmutations
  7593 | D:8      | Reached skill level 2 in Fighting
  7758 | D:8      | Found a staircase to the Lair.
  7763 | D:8      | Reached skill level 3 in Dodging
  7767 | D:8      | Reached skill level 6 in Unarmed Combat
  8142 | D:8      | Reached skill level 3 in Fighting
  8160 | D:8      | Reached skill level 8 in Transmutations
  8243 | D:8      | Gained mutation: Your touch may irresistibly damage your
                  | foes and sap their willpower. [demonic ancestry]
  8243 | D:8      | Reached XP level 10. HP: 54/68 MP: 18/18
  9425 | D:9      | Noticed Erolcha
  9437 | D:9      | Killed Erolcha
  9438 | D:9      | Reached skill level 6 in Spellcasting
  9540 | D:9      | Noticed a two-headed ogre
  9551 | D:9      | Killed a two-headed ogre
  9552 | D:9      | Reached skill level 4 in Fighting
  9552 | D:9      | Reached skill level 4 in Dodging
  9612 | Temple   | Entered the Ecumenical Temple
  9777 | Temple   | Became a worshipper of Ru the Awakened
  9960 | D:9      | HP: 17/85 [something (11)]
  9962 | D:9      | HP: 8/85 [something (9)]
 10131 | D:9      | Found a hazy altar of Hepliaklqana.
 10405 | D:9      | Noticed a two-headed ogre
 10414 | D:9      | Killed a two-headed ogre
 10415 | D:9      | Reached skill level 9 in Transmutations
 10991 | D:10     | Entered Level 10 of the Dungeon
 11047 | D:10     | Noticed a two-headed ogre
 11058 | D:10     | Killed a two-headed ogre
 11059 | D:10     | Reached skill level 7 in Unarmed Combat
 11060 | D:10     | Found a staircase to the Orcish Mines.
 11069 | D:10     | Reached XP level 11. HP: 78/78 MP: 21/21
 11081 | D:10     | HP: 20/93 [yak (10)]
 11282 | D:9      | HP: 21/93 [yak (9)]
 11502 | D:10     | Reached skill level 5 in Fighting
 11644 | D:10     | Gained mutation: You cannot be stealthy. [Ru sacrifice]
 11743 | D:10     | Found a sparkling altar of Nemelex Xobeh.
 11936 | D:10     | Reached skill level 5 in Dodging
 11936 | D:10     | Reached skill level 7 in Spellcasting
 12486 | D:11     | Reached skill level 10 in Transmutations
 12942 | D:11     | Noticed a green ugly thing
 12950 | D:11     | Killed a green ugly thing
 13421 | D:12     | Identified the +10 rapier of Kuitelue {freeze, rElec rF+
                  | Str-4}
 13851 | D:12     | Reached skill level 6 in Fighting
 14215 | D:12     | Found a runed translucent gate.
 14215 | D:12     | Found a runed translucent gate.
 14215 | D:12     | Found a runed translucent gate.
 14218 | D:12     | Noticed baljet's ghost (journeyman MiFi)
 14942 | D:12     | You pick up a book of Transfigurations and begin reading...
 14942 | D:12     | You add the spells Irradiate, Blade Hands and Dragon Form
                  | to your library.
 15000 | D:12     | HP: 36/145 [freezing wraith (3)]
 15001 | D:12     | HP: 16/145 [freezing wraith (3)]
 15002 | D:12     | Killed baljet's ghost
 15002 | D:12     | HP: 6/145 [freezing wraith (2)]
 15002 | D:12     | HP: 2/145 [freezing wraith (4)]
 15003 | D:12     | Reached skill level 6 in Dodging
 15003 | D:12     | Slain by a freezing wraith

Vanquished Creatures
  The ghost of baljet the Severer, a journeyman MiFi of Okawaru (D:12)
  Erolcha (D:9)
  3 two-headed ogres
  2 cyclopes
  An ugly thing (D:11)
  A gargoyle (D:11)
  An unseen horror (D:11)
  2 freezing wraiths (D:12)
  A hornet (D:8)
  2 trolls
  A shadow (D:9)
  3 vampires
  17 yaks
  2 wraiths (D:10)
  8 vampire mosquitoes
  2 wargs (D:8)
  3 acid dragons
  2 water moccasins
  5 orc warriors
  A sky beast (D:7)
  2 ice beasts
  An ogre (D:5)
  4 centaurs
  2 phantoms
  4 bullfrogs
  A gnoll sergeant (D:12)
  4 scorpions
  5 wights (D:8)
  21 killer bees
  3 howler monkeys
  2 hounds (D:5)
  7 orc priests
  Crazy Yiuf (D:4)
  2 sleepcaps
  3 iguanas
  11 orc wizards
  Robin (D:2)
  7 gnolls
  9 adders
  A shadow imp (D:5)
  3 white imps (D:5)
  A worm (D:4)
  2 dart slugs (D:4)
  50 orcs
  10 endoplasms
  4 giant cockroaches
  17 goblins
  8 hobgoblins
  9 kobolds
  6 quokkas
  6 ball pythons
  6 bats
  3 frilled lizards
  6 rats
281 creatures vanquished.

Vanquished Creatures (others)
  A wizard (D:4)
  2 plants (D:8)
3 creatures vanquished.

Grand Total: 284 creatures vanquished

Table legend:
 A = Non-vault XP
 B = Vault XP
 C = Vault XP percentage of total XP
 D = Non-vault monster count
 E = Vault monster count
 F = Vault count percentage of total count
                 A         B        C        D         E       F
            +---------+---------+-------+---------+---------+-------
      Total |   17786 |    3653 |  17.0 |     235 |      46 |  16.4
            +---------+---------+-------+---------+---------+-------
        D:1 |      29 |       0 |   0.0 |      18 |       0 |   0.0
        D:2 |      68 |      57 |  45.6 |      21 |      18 |  46.2
        D:3 |     118 |       6 |   4.8 |      31 |       3 |   8.8
        D:4 |     331 |      40 |  10.8 |      15 |       1 |   6.2
        D:5 |     547 |      80 |  12.8 |      15 |       1 |   6.2
        D:6 |     456 |       0 |   0.0 |      11 |       0 |   0.0
        D:7 |    1647 |       0 |   0.0 |      22 |       0 |   0.0
        D:8 |    2481 |     543 |  18.0 |      35 |       7 |  16.7
        D:9 |    3623 |     837 |  18.8 |      20 |       1 |   4.8
       D:10 |    2831 |     403 |  12.5 |      19 |      12 |  38.7
       D:11 |    3647 |       0 |   0.0 |      15 |       0 |   0.0
       D:12 |    2008 |    1687 |  45.7 |      13 |       3 |  18.8
            +---------+---------+-------+---------+---------+-------

Illustrated notes

Table legend:
 A = Kills in this place as a percentage of kills in the entire game.
 B = Kills by you in this place as a percentage of kills by you in the entire game.
 C = Kills by friends in this place as a percentage of kills by friends in the entire game.
 D = Other kills in this place as a percentage of other kills in the entire game.
 E = Experience gained in this place as a percentage of experience gained in the entire game.
 F = Experience gained in this place divided by the number of levels of this place that you have seen.
                   A       B       C       D       E      F
               +-------+-------+-------+-------+-------+----------------------
         Total | 100.0 | 100.0 |   N/A |   N/A | 100.0 | 1649.2
       Dungeon | 100.0 | 100.0 |   N/A |   N/A | 100.0 | 1786.6
               +-------+-------+-------+-------+-------+----------------------

Table legend: (Time is in decaauts)
 A = Elapsed time spent in this place.
 B = Non-inter-level travel time spent in this place.
 C = Inter-level travel time spent in this place.
 D = Time resting spent in this place.
 E = Time spent auto-exploring this place.
 F = Levels seen in this place.
 G = Mean time per level.
                   A        B        C        D        E       F      G
               +--------+--------+--------+--------+--------+-----+--------+
         Total |  14950 |  14285 |    665 |   1422 |  10512 |  13 | 1150.0 |
       Dungeon |  14772 |  14136 |    636 |   1422 |  10377 |  12 | 1231.0 |
        Temple |    177 |    148 |     29 |      0 |    135 |   1 |  177.0 |
               +--------+--------+--------+--------+--------+-----+--------+

Top non-repeatable levels by time:
     D:7: 1959 daAuts
     D:8: 1941 daAuts
    D:12: 1732 daAuts
     D:9: 1642 daAuts
     D:4: 1408 daAuts
     D:3: 1041 daAuts
    D:10: 940 daAuts
    D:11: 936 daAuts
     D:5: 897 daAuts
     D:2: 820 daAuts
     D:1: 736 daAuts
     D:6: 716 daAuts
  Temple: 177 daAuts
